 Dungeon Crawl Stone Soup version 0.26-a0-30-g56b8cd3df0 (webtiles) character file.

Game seed: 14680681410270340470, levelgen mode: deterministic

338 MisterFreud the Skirmisher (level 6, 0/43 HPs)
             Began as an Octopode Venom Mage on June 1, 2020.
             Slain by a killer bee (9 damage)
             ... on level 6 of the Dungeon.
             The game lasted 00:07:07 (2814 turns).

MisterFreud the Skirmisher (Octopode Venom Mage)    Turns: 2814, Time: 00:07:07

Health: 0/43       AC:  1    Str:  8    XL:     6   Next: 55%
Magic:  7/9        EV: 14    Int: 19    God:
Gold:   149        SH:  0    Dex: 12    Spells: 5/9 levels left

rFire    . . .     SeeInvis .   j - +2 dagger (elec)
rCold    . . .     Gourm    .   (no shield)
rNeg     . . .     Faith    .   (helmet restricted)
rPois    .         Spirit   .   (no amulet)
rElec    .         Reflect  .   (no ring)
rCorr    .         Harm     .   (no ring)
MR       .....                  (no ring)
Stlth    +++.......             (no ring)
HPRegen  0.14/turn              (no ring)
MPRegen  0.11/turn              (no ring)
                                (no ring)
                                (no ring)

@: lethally poisoned (0 -> -14)
A: almost no armour, stealthy swim, amphibious, 8 rings, constrict 8, camouflage
1, gelatinous body 1
a: no special abilities


You were on level 6 of the Dungeon.
You were not hungry.

You visited 1 branch of the dungeon, and saw 4 of its levels.

You collected 149 gold pieces.

Inventory:

Hand Weapons
 j - a +2 dagger of electrocution (weapon)
Missiles
 c - 5 boomerangs
 e - 66 sling bullets
 f - 44 arrows
 i - 65 stones (quivered)
 o - 34 poisoned darts
Wands
 t - a wand of paralysis (9)
Scrolls
 m - a scroll of identify
 n - a scroll of fog {unknown}
 p - a scroll of blinking {unknown}
 q - a scroll of teleportation {unknown}
 s - a scroll of enchant armour {unknown}
Potions
 a - 2 potions of lignification
 d - 3 potions of curing
 g - 3 potions of might
 h - a potion of magic
 k - a potion of heal wounds
 r - a potion of flight
 u - 2 potions of invisibility
Comestibles
 b - 3 rations
 v - 9 chunks of flesh


   Skills:
 - Level 4.0 Fighting
 + Level 3.8 Dodging
 - Level 2.6 Stealth
 - Level 2.0 Spellcasting
 - Level 2.0 Conjurations
 - Level 1.0 Transmutations
 - Level 2.0 Air Magic
 - Level 4.0 Poison Magic


You had 5 spell levels left.
You knew the following spells:

 Your Spells              Type           Power        Failure   Level  Hunger
a - Sting                 Tmut/Pois      ##..         6%          1    #......
b - Mephitic Cloud        Conj/Pois/Air  ##......     17%         3    ###....

Your spell library contained the following spells:

 Spells                   Type           Power        Failure   Level  Hunger
 Poisonous Vapours        Pois/Air       ##....       8%          2    ###....
 Ignite Poison            Fire/Tmut/Pois #.......     26%         3    ###....
 Olgreb's Toxic Radiance  Pois           ###.....     32%         4    #####..


Dungeon Overview and Level Annotations

Branches:
Dungeon (3/15)

Altars:


Innate Abilities, Weirdness & Mutations

You cannot wear most types of armour.
You are very stealthy in the water. (Stealth+)
You are amphibious.
You can wear up to eight rings at the same time.
You can use your tentacles to constrict eight enemies at once.
Your skin changes colour to match your surroundings (Stealth+).
Your rubbery body absorbs attacks. (AC +1, EV +1)


Message History

The centaur is almost dead.
The killer bee buzzes angrily.
The centaur wonders, "What am I doing in here?"
You hit the centaur. Lightning courses through the centaur!
You kill the centaur!
The killer bee stings you.
* * * LOW HITPOINT WARNING * * *
You are poisoned.
The killer bee poisons you!
Unknown command.
As you read the scroll labeled UVUINLANGIX, it crumbles to dust.
You hear a loud clanging noise!
It was a scroll of noise.
You feel sick.
You hear a shout!
The killer bee stings you.
* * * LOW HITPOINT WARNING * * *
You are lethally poisoned!
The killer bee poisons you! The killer bee barely misses you.
The killer bee stings you!
You die...

#.. ....
##....
......
#......
##.......
#(y......
#yyc.....
#@l..a...
##.......
....#..
....# .
#####


You could see a centaur, a worker ant, 3 killer bees and a leopard gecko.

Vanquished Creatures
  A centaur (D:6)
  An orc priest (D:3)
  3 orc wizards (D:3)
  Jessica (D:3)
  2 adders (D:2)
  An ooze (D:3)
  An adder zombie (D:2)
  2 worms (D:3)
  2 dart slugs (D:1)
  2 leopard geckos
  10 orcs (D:3)
  11 bats
  A giant cockroach (D:3)
  6 goblins
  10 hobgoblins
  4 jackals (D:2)
  2 quokkas
  A ball python (D:2)
  4 frilled lizards
  5 kobolds
  8 rats
78 creatures vanquished.

Notes
Turn   | Place    | Note
-------+----------+-------------------------------------------
     0 | D:1      | MisterFreud the Octopode Venom Mage began the quest for the
                  | Orb.
     0 | D:1      | Reached XP level 1. HP: 11/11 MP: 3/3
    76 | D:1      | Reached skill level 1 in Fighting
   217 | D:1      | Reached XP level 2. HP: 18/18 MP: 0/5
   797 | D:1      | Reached XP level 3. HP: 25/25 MP: 3/6
  1512 | D:2      | Reached XP level 4. HP: 25/31 MP: 7/7
  1912 | D:2      | Learned a level 3 spell: Mephitic Cloud
  1985 | D:3      | Noticed Jessica
  1989 | D:3      | Killed Jessica
  2194 | D:3      | Reached XP level 5. HP: 33/37 MP: 4/8
  2274 | D:3      | Reached skill level 1 in Conjurations
  2284 | D:3      | Reached skill level 1 in Air Magic
  2564 | D:3      | Reached XP level 6. HP: 37/43 MP: 9/9
  2805 | D:3      | You fall into a shaft and drop 3 floors!
  2814 | D:6      | Slain by a killer bee

Illustrated notes

Levels and vault maps discovered:
D:1:      dpeg_arrival_connections, layout_rooms, serial_glass, glass_columns_b,
          glass_columns_c, glass_columns_a, glass_columns_a, glass_columns_a,
          glass_columns_b, glass_columns_c, glass_columns_c, glass_columns_a,
          glass_columns_b, glass_columns_a, glass_columns_a, glass_columns_a,
          glass_columns_a, due_unseen_surprise, minmay_strange_pillars,
          minmay_strange_pillars, minmay_strange_pillars
D:2:      layout_rooms, kennysheep_cross_bottleneck, hex_medium,
          bh_walls_and_bars
D:3:      layout_basic, cheibriados_altar_1, uniq_sigmund, uniq_jessica
D:6:      layout_cave_pools, ebering_ghost_disaster_area, uniq_prince_ribbit1,
          uniq_maggie

Skill      XL: |  1  2  3  4  5  6 |
---------------+-------------------+-----
Fighting       | 1 2 3 4 |  4.0
Conjurations   | 2 |  2.0
Poison Magic   | 4 |  4.0
Air Magic      | 2 |  2.0
Dodging        | 3 |  3.8
Stealth        | |  2.6
Spellcasting   | |  2.0
Transmutations | |  1.0

Action                   |  1- 3 |  4- 6 || total
-------------------------+-------+-------++-------
Melee: Unarmed           |    11 |       ||    11
       Tentacles         |     7 |    10 ||    17
       Constrict         |     8 |    19 ||    27
       Dagger            |    28 |    70 ||    98
Throw: Stone             |     1 |       ||     1
 Cast: Sting             |    39 |    18 ||    57
       Mephitic Cloud    |       |     1 ||     1
  Use: Scroll            |     5 |     3 ||     8
 Stab: Sleeping          |       |     4 ||     4
       Confused          |       |     1 ||     1
  Eat: Chunk             |     2 |     5 ||     7
Armor: Skin              |     7 |     3 ||    10
Dodge: Dodged            |    21 |    31 ||    52

Table legend:
 A = Non-vault XP
 B = Vault XP
 C = Vault XP percentage of total XP
 D = Non-vault monster count
 E = Vault monster count
 F = Vault count percentage of total count
                 A         B        C        D         E       F
            +---------+---------+-------+---------+---------+-------
      Total |     447 |      37 |   7.6 |      77 |       1 |   1.3
            +---------+---------+-------+---------+---------+-------
        D:1 |      40 |       0 |   0.0 |      23 |       0 |   0.0
        D:2 |      72 |       0 |   0.0 |      26 |       0 |   0.0
        D:3 |     220 |      37 |  14.4 |      27 |       1 |   3.6
        D:6 |     115 |       0 |   0.0 |       1 |       0 |   0.0
            +---------+---------+-------+---------+---------+-------
